 Dungeon Crawl Stone Soup version 0.26.0-16-gc1dbca0489 (webtiles) character file.

Game seed: 15702383865767228733

354 112233 the Cutter (level 6, -11/43 HPs)
             Began as an Octopode Fighter on Jan 20, 2021.
             Mangled by Prince Ribbit (14 damage)
             ... on level 4 of the Dungeon.
             The game lasted 00:01:48 (2663 turns).

112233 the Cutter (Octopode Fighter)                Turns: 2663, Time: 00:01:48

Health: -11/43     AC:  1    Str: 16    XL:     6   Next: 63%
Magic:  6/6        EV: 13    Int: 10    God:
Gold:   173        SH:  9    Dex: 13    Spells: 5/5 levels left

rFire    . . .     SeeInvis .   a - +0 rapier
rCold    . . .     Faith    .   b - +0 kite shield
rNeg     . . .     Spirit   .   (helmet restricted)
rPois    .         Reflect  .   (no amulet)
rElec    .         Harm     .   (no ring)
rCorr    .         Rampage  .   (no ring)
Will     .....                  (no ring)
Stlth    ++........             (no ring)
HPRegen  0.14/turn              (no ring)
MPRegen  0.10/turn              (no ring)
                                (no ring)
                                (no ring)

@: no status effects
A: almost no armour, stealthy swim, amphibious, 8 rings, constrict 8, camouflage
1, gelatinous body 1
a: no special abilities


You were on level 4 of the Dungeon.
You visited 1 branch of the dungeon, and saw 5 of its levels.

You collected 173 gold pieces.

Inventory:

Hand Weapons
 a - a +0 rapier (weapon)
Armour
 b - a +0 kite shield (worn)
Scrolls
 c - 4 scrolls of identify {@r1}
 d - 2 scrolls of fear {unknown}
 f - a scroll of remove curse {unknown}
 g - a scroll of fog {unknown}
 h - 2 scrolls of amnesia {unknown}
 i - a scroll of blinking {unknown}


   Skills:
 + Level 4.1 Fighting
 * Level 4.5 Short Blades
 + Level 4.1 Dodging
 + Level 4.2 Shields


You had 5 spell levels left.
You didn't know any spells.
Your spell library was empty.

Dungeon Overview and Level Annotations

Branches:
Dungeon (5/15)
 Temple: D:4-7

Altars:
Dithmenos
Fedhas
Qazlal
Ru

Annotations:
D:4 Prince Ribbit


Innate Abilities, Weirdness & Mutations

You cannot wear most types of armour.
You are very stealthy in the water. (Stealth+)
You are amphibious.
You can wear up to eight rings at the same time.
You can use your tentacles to constrict eight enemies at once.
Your skin changes colour to match your surroundings (Stealth+).
Your rubbery body absorbs attacks. (AC +1, EV +1)


Message History

Prince Ribbit is nearby!
Prince Ribbit blinks!
Unknown command.
Unknown command.
Prince Ribbit sighs, "It's not easy being green!"
Prince Ribbit is nearby!
Unknown command.
You aren't carrying any items that you can evoke.
Unknown command.
Prince Ribbit blinks!
Prince Ribbit asks, "Just a little smooch?"
Prince Ribbit blinks!
Prince Ribbit blinks!
Prince Ribbit is nearby!
Prince Ribbit hits you! x2
* * * LOW HITPOINT WARNING * * *
Unknown command.
Prince Ribbit closely misses you. Prince Ribbit hits you!
You die...

...###.....# #.#
.<######.#######.#
.####.........##.#
.##.......#.#.##.#
.##.#.#..#..#.##.#
.##<#.#..........# #
.##.#.#...#.#.#.## #
#.#.###########################
..#..#.......F@................
######.####.####.####.####.####
##### #.# #.#..'.'..#.# +.+..#
....# #.# #.#..#.#..#.# #.#..#
###.#
#.#+##.#'##.#'##.#+##.#'##
###.#
#.........................
.##.#
#.#+##.#+##.#+##.#+##.#'##
.##.# #.#..#.#..#.# #.# #.#..#
.##.####.#..'.'..#.# +.+ #.#..#


You could see Prince Ribbit.

Vanquished Creatures
  2 scorpions (D:4)
  A howler monkey (D:4)
  A hound (D:4)
  An orc wizard (D:3)
  An iguana (D:3)
  7 adders
  An ooze (D:4)
  2 worms (D:3)
  7 orcs
  7 bats
  3 giant cockroaches
  5 goblins
  3 hobgoblins
  8 jackals
  5 quokkas
  3 frilled lizards
  3 kobolds
  4 rats
64 creatures vanquished.

Notes
Turn   | Place    | Note
-------+----------+-------------------------------------------
     0 | D:1      | 112233 the Octopode Fighter began the quest for the Orb.
     0 | D:1      | Reached XP level 1. HP: 16/16 MP: 1/1
    69 | D:1      | Reached XP level 2. HP: 17/21 MP: 2/2
   135 | D:2      | Reached XP level 3. HP: 21/26 MP: 3/3
   284 | D:2      | HP: 1/26 [poisoned by an adder]
   865 | D:2      | Reached XP level 4. HP: 28/31 MP: 4/4
  1523 | D:3      | Reached XP level 5. HP: 34/36 MP: 5/5
  2088 | D:4      | Found a sacrificial altar of Ru.
  2103 | D:4      | Reached XP level 6. HP: 29/43 MP: 6/6
  2344 | D:4      | Found a shadowy altar of Dithmenos.
  2480 | D:4      | Found a stormy altar of Qazlal.
  2481 | D:4      | Found a blossoming altar of Fedhas.
  2624 | D:5      | Entered Level 5 of the Dungeon
  2624 | D:5      | Noticed Prince Ribbit
  2660 | D:4      | HP: 2/43 [Prince Ribbit (12)]
  2663 | D:4      | Mangled by Prince Ribbit

Illustrated notes

Levels and vault maps discovered:
D:1:      minmay_arrival_five_plusses, layout_basic
D:2:      layout_loops_corners, nzn_wu_jian_contemplation, grunt_decor_fettered,
          uniq_crazy_yiuf_cottage
D:3:      layout_basic
D:4:      minmay_door_path, layout_loops_cross,
          grunt_temple_overflow_forces_of_nature, hangedman_ru_absence,
          nicolae_dithmenos_the_darkroom
D:5:      layout_rooms, cheibrodos_ashenzari_chains, overflow_temple_1_default,
          gammafunk_temple_overflow_elements, serial_shops, kennysheep_mini,
          kennysheep_little_box, nicolae_shop_crystal, shop, shop,
          uniq_blork_the_orc, uniq_prince_ribbit1

Skill      XL: |  1  2  3  4  5  6 |
---------------+-------------------+-----
Short Blades   | 3 4 |  4.5
Shields        | 4 |  4.2
Fighting       | 4 |  4.1
Dodging        | 4 |  4.1

Action                   |  1- 3 |  4- 6 || total
-------------------------+-------+-------++-------
Melee: Rapier            |    41 |    96 ||   137
       Constrict         |    11 |    26 ||    37
       Tentacles         |     6 |    21 ||    27
  Use: Potion            |     1 |     1 ||     2
       Scroll            |     1 |       ||     1
 Stab: Sleeping          |     2 |    13 ||    15
Armor: Skin              |     9 |     9 ||    18
Dodge: Dodged            |    25 |    40 ||    65
Block: Kite shield       |    27 |    33 ||    60
